 Dungeon Crawl Stone Soup version 0.27.0-1-g7a089689b8 (webtiles) character file.

Game seed: 8268231140804023090

8 MajorAdolf the Conjurer (level 2, -2/26 HPs)
             Began as a Naga Wanderer on Aug 9, 2021.
             Slain by a goblin (4 damage)
             ... on level 1 of the Dungeon.
             The game lasted 00:00:36 (157 turns).

MajorAdolf the Conjurer (Naga Wanderer)              Turns: 157, Time: 00:00:36

Health: -2/26      AC:  1    Str: 15    XL:     2   Next: 8%
Magic:  3/3        EV:  9    Int: 14    God:
Gold:   0          SH:  0    Dex:  7    Spells: 2/3 levels left

rFire    . . .     SeeInvis +   a - +2 dagger
rCold    . . .     Faith    .   (no shield)
rNeg     . . .     Spirit   .   d - +0 robe
rPois    +         Reflect  .   (no helmet)
rElec    .         Harm     .   (no cloak)
rCorr    .         Rampage  .   (no gloves)
Will     .....                  (no barding)
Stlth    ++........             (no amulet)
HPRegen  0.08/turn              (no ring)
MPRegen  0.08/turn              (no ring)

@: short of breath, very slow
A: AC +0, large, see invisible, deformed body, poison resistance, slowness 2,
spit poison 1, naga tail 1
a: Spit Poison


You were on level 1 of the Dungeon.
You visited 1 branch of the dungeon, and saw 1 of its levels.

Inventory:

Hand Weapons
 a - a +2 dagger (weapon)
Armour
 d - a +0 robe (worn)
Scrolls
 c - a scroll of teleportation
 f - a scroll of fog {unknown}
Potions
 b - a potion of berserk rage
 e - a potion of brilliance {unknown}


   Skills:
 - Level 2.0 Fighting
 + Level 1.2(1.4) Short Blades
 - Level 1.0(1.3) Long Blades
 + Level 2.3 Stealth
 - Level 1.0 Spellcasting
 - Level 3.0 Conjurations
 - Level 1.3 Poison Magic
 - Level 1.0 Evocations


You had 2 spell levels left.
You knew the following spells:

 Your Spells              Type           Power      Damage    Failure   Level
a - Animate Skeleton      Necr           0%         N/A       26%         1

Your spell library contained the following spells:

 Spells                   Type           Power      Damage    Failure   Level
 Vampiric Draining        Necr           0%         2d6       61%         3


Dungeon Overview and Level Annotations

Branches:
Dungeon (1/15)

Altars:


Innate Abilities, Weirdness & Mutations

Your serpentine skin is tough. (AC +0)
You have supernaturally acute eyesight. (SInv)
Armour fits poorly on your strangely shaped body.
Your system is resistant to poisons. (rPois)
You cover ground very slowly.
You can spit poison.
You have a snake-like lower body.


Message History

Aim: a hobgoblin (heavily wounded)
The splash of poison hits the hobgoblin.
You kill the hobgoblin!
The ball python bites you.
Your Stealth skill increases to level 2!
There is nothing nearby to animate!
Unknown command.
You hit the ball python.
You kill the ball python!
You have reached level 2!
You have got your breath back.
Press: ? - help, Shift-Dir - straight line, f - goblin
Aim: a goblin, wielding a +0 club The splash of poison misses the goblin.
The splash of poison hits the hobgoblin.
The hobgoblin is poisoned.
The hobgoblin is severely wounded.
The goblin barely misses you.
You kill the hobgoblin!
The goblin hits you with a +0 club.
* * * LOW HITPOINT WARNING * * *
The goblin hits you with a +0 club.
* * * LOW HITPOINT WARNING * * *
Unknown command.
You have got your breath back.
You see here a rat corpse.
Press: ? - help, Shift-Dir - straight line, f/p - goblin
Aim: a goblin, wielding a +0 club The splash of poison misses the goblin.
The goblin barely misses you.
Unknown command.
The goblin hits you with a +0 club.
* * * LOW HITPOINT WARNING * * *
Unknown command.
You have got your breath back.
Press: ? - help, Shift-Dir - straight line, f/p - goblin
Aim: a goblin, wielding a +0 club The splash of poison hits the goblin.
The goblin is poisoned.
The goblin is moderately wounded.
The goblin hits you with a +0 club.
You die...

....†..##########
###.......#.....#
#..####.#.....#
#....##.#.....#
#.##†##.#.....#
#.##.##.#.....##
#.......#..†...#
###........#.#g# #.#
#..####.###.@# #.# #..###..#
##.# #.# #.##....###..#
#.########### ..
#.##..#...####.#.........
##.##.##......##.#.#.####..##
#.......#.#.......#.#.##..###
#.#######.###.###.#..........
#...#.##...........#..
#...##†#.#.......>..##


You could see a goblin (poisoned).

Vanquished Creatures
  A dart slug (D:1)
  A ball python (D:1)
  2 hobgoblins (D:1)
  A bat (D:1)
  A rat (D:1)
6 creatures vanquished.

Notes
Turn   | Place    | Note
-------+----------+-------------------------------------------
     0 | D:1      | MajorAdolf the Naga Wanderer began the quest for the Orb.
     0 | D:1      | MajorAdolf set off with the following items: a +2 dagger, a
                  | potion of berserk rage, a scroll of teleportation, a +0
                  | robe; and the following spell memorised: Animate Skeleton;
                  | and the following spells available to memorise: Vampiric
                  | Draining
     0 | D:1      | Reached XP level 1. HP: 19/19 MP: 2/2
   133 | D:1      | Reached skill level 1 in Short Blades
   144 | D:1      | Reached XP level 2. HP: 9/26 MP: 3/3
   157 | D:1      | Slain by a goblin

Illustrated notes

Levels and vault maps discovered:
D:1:      scummos_arrival_simple_fountains, layout_loops_cross,
          hellmonk_ecumenical_altar_watching_god

Skill      XL: |  1 |
---------------+----+-----
Short Blades   | 1 |  1.2
Stealth        | 2 |  2.3
Fighting       | |  2.0
Long Blades    | |  1.0
Spellcasting   | |  1.0
Conjurations   | |  3.0
Poison Magic   | |  1.3
Evocations     | |  1.0

Action                   || total
-------------------------++-------
Melee: Dagger            ||    11
 Abil: Spit Poison       ||     4
Dodge: Dodged            ||     9
